 Dungeon Sprint DCSS version 0.32-a0-485-g70f7560b1c (webtiles) character file.

Game seed: 12613856702309049274

7942 rocky1 the Severer (level 11, -1/107 HPs)
             Began as a Mountain Dwarf Fighter on Feb 26, 2024.
             Was an Initiate of Gozag.
             Slain by a shadow wraith (18 damage)
             ... in the Dungeon (Sprint VII: "The Pits").
             The game lasted 00:08:25 (2688 turns).

rocky1 the Severer (Mountain Dwarf Fighter)         Turns: 2688, Time: 00:08:25

Health: -1/107     AC: 22    Str: 27    XL:     11   Next: 3%
Magic:  3/3        EV: 11    Int:  8    God:    Gozag
Gold:   2826       SH:  7    Dex: 12    Spells: 10/10 levels left

rFire   . . .        w - +2 war axe (antimagic)
rCold   . . .        c - +0 buckler
rNeg    . . .        e - +2 plate armour
rPois   .            (no helmet)
rElec   .            y - +0 cloak
rCorr   .            x - +0 pair of gloves
SInv    .            z - +0 pair of boots
Will    +....        (no amulet) Stlth
                     i - +3 ring of strength
HPRegen 0.37/turn    r - +3 ring of dexterity
MPRegen 0.08/turn

%: no teleportation
@: gold aura, slowed, very slow
A: runic magic, artefact enchanting
a: Renounce Religion, Potion Petition, Call Merchant, Bribe Branch


You were in the Dungeon.
You worshipped Gozag.
Gozag was most pleased with you.
You visited 1 branch You collected 3708 gold pieces.
You paid 882 gold pieces to Gozag.

Inventory:

Hand Weapons
 a - a +2 morningstar of holy wrath
 q - a +2 flail of protection
 w - a +2 antimagic war axe (weapon)
Armour
 c - a +0 buckler (worn)
 e - a +2 plate armour (worn)
 x - a +0 pair of gloves (worn)
 y - a +0 cloak (worn)
 z - a +0 pair of boots (worn)
Jewellery
 i - a +3 ring of strength (left hand)
 r - a +3 ring of dexterity (right hand)
Scrolls
 j - a scroll of blinking
 l - 2 scrolls of vulnerability
 m - 5 scrolls of amnesia
 n - a scroll of butterflies
Potions
 f - 3 potions of heal wounds
 g - a potion of haste
 h - 4 potions of magic
 k - 2 potions of invisibility
 o - 7 potions of curing
 s - 2 potions of brilliance
 t - a potion of resistance
 u - a potion of berserk rage
 v - 2 potions of mutation


   Skills:
 + Level 13.3 Fighting
 - Level 16.2 Axes
 + Level 13.3 Armour
 + Level 9.1 Dodging
 + Level 13.3 Shields


You had 10 spell levels left.
You didn't know any spells.
Your spell library was empty.

Dungeon Overview and Level Annotations

Branches:
Dungeon (1/1)

Altars:
Ashenzari
Cheibriados
Dithmenos
Elyvilon
Fedhas
Gozag
Hepliaklqana
Kikubaaqudgha
Makhleb
Nemelex Xobeh
Okawaru
Qazlal
Ru
Sif Muna
Trog
Uskayaw
Vehumet
Wu Jian
Xom
Yredelemnul
Zin
The Shining One
Beogh
Jiyva
Lugonu


Innate Abilities, Weirdness & Mutations

Your spellcasting is much less encumbered by armour.
You can use scrolls of enchantment on lesser artefacts.


Message History

The two-headed ogre hits you with a +0 giant club.
You slice the two-headed ogre!!
The two-headed ogre is almost dead.
You hit something. Something hits you but does no damage.
The two-headed ogre closely misses you. The two-headed ogre barely misses you.
You slash the two-headed ogre!
The two-headed ogre is almost dead.
You barely miss something. Something hits you but does no damage.
You hit the two-headed ogre.
You kill the two-headed ogre!
You miss something. Something hits you!
* * * LOW HITPOINT WARNING * * *
Something drains your vigour!
You feel as though you will be slow longer.
You have reached level 11!
Something hits you but does no damage. Something hits you.
* * * LOW HITPOINT WARNING * * *
Something drains your vigour!
You feel as though you will be slow longer.
Things that are here:
162 gold pieces; a +0 giant club; a +0 giant club You feel much better.
Something hits you. Something drains your vigour!
You feel as though you will be slow longer.
Unknown command.
You closely miss something. You block something's attack.
Something hits you but does no damage.
You barely miss something. Something hits you but does no damage.
You slash something! Something hits you.
You hit something. Something hits you.
You completely miss something. Something hits you!
Something drains your vigour!
You feel as though you will be slow longer.
You hit something but do no damage. Something hits you but does no damage.
You closely miss something. Something hits you!!
* * * LOW HITPOINT WARNING * * *
Something drains your vigour!
You feel as though you will be slow longer.
You slice something!! Something hits you!!
You die...
Your body crumbles into a pile of gold.

#................#
#......#..#......#
#................+
'................+
#......#..#......#
#................#
####'#####''######
#.......##''# ######## #####
#.......##..# #@.....###...##
#.......##..# #.{#+#.........##
#...<...##$.##..##.##.....#...#
#.......##..##.##...##...###).#
#.......##..####.....##.##
##.##
#.......##...##......#...#
#...#
##########....)......+...+
+...+
##########...##......#...#
#...#
...#..[)##..####.....##.##
##)##


There were no monsters in sight!

Vanquished Creatures
  An emperor scorpion (D)
  A vampire knight (D)
  A boulder beetle (D)
  A two-headed ogre (D)
  An orc high priest (D)
  A bog body (D)
  2 deep trolls (D)
  Joseph (D)
  A cane toad (D)
  A troll (D)
  A tyrant leech (D)
  4 dream sheep (D)
  A ynoxinul (D)
  A spriggan (D)
  A basilisk (D)
  Menkaure (D)
  A water moccasin (D)
  A sky beast (D)
  2 wolves (D)
  A centaur (D)
  2 crocodiles (D)
  A scorpion (D)
  2 hounds (D)
  2 orc priests (D)
  An orc wizard (D)
  A mummy (D)
  An adder (D)
  A river rat (D)
  An adder zombie (D)
  2 ribbon worms (D)
  A dart slug (D)
  5 orcs (D)
  An endoplasm (D)
  2 giant cockroaches (D)
  A hobgoblin (D)
  A ball python (D)
  A bat (D)
  A frilled lizard (D)
  A kobold (D)
  A rat (D)
54 creatures vanquished.

Vanquished Creatures (others)
  An acid dragon (D)
  A bat (D)
2 creatures vanquished.

Grand Total: 56 creatures vanquished

Notes
Turn   | Place    | Note
-------+----------+-------------------------------------------
     0 | D        | rocky1 the Mountain Dwarf Fighter began the quest for the
                  | Orb.
     0 | D        | Reached XP level 1. HP: 19/19 MP: 1/1
    20 | D        | Found a bloodstained altar of Trog.
    20 | D        | Found a shimmering blue altar of Sif Muna.
    20 | D        | Found a viscous altar of Jiyva.
    20 | D        | Found a hazy altar of Hepliaklqana.
    20 | D        | Found an opulent altar of Gozag.
    21 | D        | Found a glowing golden altar of the Shining One.
    21 | D        | Found a glowing silver altar of Zin.
    21 | D        | Found a basalt altar of Yredelemnul.
    21 | D        | Found a shimmering altar of Xom.
    21 | D        | Found an ornate altar of the Wu Jian Council.
    21 | D        | Found a sacrificial altar of Ru.
    21 | D        | Found a stormy altar of Qazlal.
    21 | D        | Found an iron altar of Okawaru.
    21 | D        | Found a sparkling altar of Nemelex Xobeh.
    21 | D        | Found a burning altar of Makhleb.
    21 | D        | Found a blossoming altar of Fedhas.
    21 | D        | Found a white marble altar of Elyvilon.
    21 | D        | Found a shadowy altar of Dithmenos.
    21 | D        | Found a snail-covered altar of Cheibriados.
    25 | D        | Found a roughly hewn altar of Beogh.
    25 | D        | Found a corrupted altar of Lugonu.
    25 | D        | Found a radiant altar of Vehumet.
    26 | D        | Found a broken altar of Ashenzari.
    26 | D        | Found an ancient bone altar of Kikubaaqudgha.
    26 | D        | Found a hide-covered altar of Uskayaw.
    28 | D        | Became a worshipper of Gozag Ym Sagoz the Greedy
    63 | D        | Reached skill level 3 in Axes
    82 | D        | Reached skill level 4 in Axes
   303 | D        | Noticed a scorpion
   314 | D        | Killed a scorpion
   315 | D        | Reached skill level 9 in Axes
   315 | D        | Reached XP level 2. HP: 22/26 MP: 2/2
   315 | D        | Reached XP level 3. HP: 26/31 MP: 3/3
   315 | D        | Reached XP level 4. HP: 33/38 MP: 4/4
   596 | D        | Noticed a crocodile
   604 | D        | Killed a crocodile
   605 | D        | Reached skill level 12 in Axes
   605 | D        | Reached XP level 5. HP: 37/45 MP: 5/5
   734 | D        | Noticed a wolf
   736 | D        | Noticed Menkaure
   743 | D        | Killed a wolf
   744 | D        | Reached skill level 14 in Axes
   749 | D        | Killed Menkaure
   750 | D        | Reached skill level 16 in Axes
   750 | D        | Reached XP level 6. HP: 25/51 MP: 6/6
  1174 | D        | Noticed a boulder beetle
  1352 | D        | Noticed a water moccasin
  1352 | D        | Noticed a cane toad
  1357 | D        | Killed a cane toad
  1358 | D        | Reached skill level 5 in Fighting
  1358 | D        | Reached skill level 5 in Armour
  1358 | D        | Reached skill level 5 in Shields
  1358 | D        | Reached XP level 7. HP: 53/62 MP: 7/7
  1468 | D        | Killed a boulder beetle
  1469 | D        | Reached XP level 8. HP: 32/74 MP: 2/8
  1745 | D        | Noticed a tyrant leech
  1754 | D        | Killed a tyrant leech
  1755 | D        | Reached skill level 5 in Dodging
  1768 | D        | Noticed an emperor scorpion
  1768 | D        | Noticed Joseph
  1768 | D        | Noticed a deep troll
  1784 | D        | Killed a deep troll
  1785 | D        | Reached XP level 9. HP: 32/83 MP: 3/9
  1813 | D        | Killed an emperor scorpion
  1814 | D        | Reached skill level 10 in Fighting
  1814 | D        | Reached skill level 10 in Armour
  1814 | D        | Reached skill level 10 in Shields
  1827 | D        | Killed Joseph
  2252 | D        | Noticed a deep troll
  2252 | D        | Noticed a bog body
  2269 | D        | Killed a deep troll
  2270 | D        | Reached XP level 10. HP: 54/96 MP: 3/10
  2280 | D        | Killed a bog body
  2320 | D        | Noticed an orc high priest
  2339 | D        | Noticed a smoke demon
  2341 | D        | Noticed an orange demon
  2343 | D        | Killed an orc high priest
  2605 | D        | Noticed a vampire knight
  2622 | D        | Killed a vampire knight
  2670 | D        | Noticed a two-headed ogre
  2678 | D        | Killed a two-headed ogre
  2679 | D        | Reached XP level 11. HP: 32/107 MP: 3/11
  2688 | D        | Slain by a shadow wraith

Illustrated notes

Levels and vault maps discovered:
D:        pitsprint [storerooms_1, entrance_room_1, metal_vault_3, armoury_1,
          mini_pit_1, grid_room_1, main_hall_1, silver_pit, the_coven_1,
          the_vestibule_1, steel_vault_2, golden_pit, hallway_of_sentries,
          crystal_vault_1, iron_vault_2, final_vault]

Skill      XL: |  1  2  3  4  5  6  7  8  9 10 |
---------------+-------------------------------+-----
Axes           | 9 12 16 | 16.2
Fighting       | 5 7 9 11 13 | 13.3
Armour         | 5 7 9 11 13 | 13.3
Dodging        | 2 4 5 7 9 |  9.1
Shields        | 5 7 9 11 13 | 13.3

Action                     |  1- 3 |  4- 6 |  7- 9 | 10-12 || total
---------------------------+-------+-------+-------+-------++-------
  Melee: War axe           |    18 |    47 |    92 |    76 ||   233
 Invoke: Potion Petition   |       |     1 |     1 |       ||     2
    Use: Potion            |     2 |     2 |     4 |     3 ||    11
   Stab: Distracted        |       |     1 |       |       ||     1
         Invisible         |       |       |     4 |       ||     4
 Armour: Scale mail        |    16 |     4 |       |       ||    20
         Plate armour      |       |    19 |    84 |    72 ||   175
  Dodge: Dodged            |     4 |     9 |    38 |    19 ||    70
  Block: Buckler           |     5 |     5 |    21 |    14 ||    45

Table legend: (Time is in decaauts)
 A = Elapsed time spent in this place.
 B = Non-inter-level travel time spent in this place.
 C = Inter-level travel time spent in this place.
 D = Time resting spent in this place.
 E = Time spent auto-exploring this place.
 F = Levels seen in this place.
 G = Mean time per level.
                   A        B        C        D        E       F      G
               +--------+--------+--------+--------+--------+-----+--------+
         Total |   2651 |   2626 |     25 |   1995 |      0 |   1 | 2651.0 |
       Dungeon |   2651 |   2626 |     25 |   1995 |      0 |   1 | 2651.0 |
               +--------+--------+--------+--------+--------+-----+--------+

Top non-repeatable levels by time:
       D: 2651 daAuts
